[Event "Titled Tuesday Blitz August 22 Late 2023"]
[White "Brahami, Lamine"]
[Black "Carroll, Thomas"]
[WhiteFideId "7905637"]
[BlackFideId "450111"]
[WhiteElo "2300"]
[BlackElo "2418"]
[Result "0-1"]
[Round "7"]
[TimeControl "180+1"]
[Date "2023.08.22"]
[WhiteClock "0:00:02"]
[BlackClock "0:00:43"]
[Board "130"]

1. d4 d5 2. Nf3 Nf6 3. e3 c5 4. Bb5+ Bd7 5. Bxd7+ Nbxd7 6. O-O e6 7. c3 Bd6 8. dxc5 Nxc5 9. Nbd2 O-O 10. Nb3 Rc8 11. Nxc5 Rxc5 12. Nd4 b5 13. a4 a6 14. Qe2 Qb6 15. axb5 axb5 16. Bd2 Ne4 17. Be1 h6 18. f3 Nf6 19. b4 Rc4 20. Ra5 Rfc8 21. Rxb5 Qa6 22. Ra5 Qb6 23. Qd3 e5 24. Nf5 Bf8 25. Rxd5 Nxd5 26. Qxd5 g6 27. Nh4 Qxe3+ 28. Bf2 Qg5 29. b5 Rxh4 30. Bxh4 Qxh4 31. b6 Qd8 32. Qxe5 Qxb6+ 33. Kh1 Qc5 34. Qe4 Qc4 35. Qb1 Qxc3 36. f4 Qc2 37. Qb7 Rd8 38. f5 Rd1 39. Qf3 Rxf1+ 40. Qxf1 Qxf5 41. Qxf5 gxf5 42. g3 Kg7 43. Kg2 Kg6 44. Kf3 Kg5 45. h3 h5 46. Kg2 h4 47. gxh4+ Kxh4 48. Kf3 Bd6 49. Ke3 Kxh3 0-1


[Site "https://www.chess.com"]

[Event "Titled Tuesday Blitz August 22 Late 2023"]
[White "chessmateto"]
[Black "Vaglio Munoz, Jaime"]
[BlackFideId "6500145"]
[WhiteElo "2416"]
[BlackElo "2290"]
[Result "1-0"]
[Round "7"]
[TimeControl "180+1"]
[Date "2023.08.22"]
[WhiteClock "0:00:35"]
[BlackClock "0:01:59"]
[Board "131"]

1. c4 c6 2. d4 b5 3. cxb5 cxb5 4. e4 Bb7 5. Bd3 Nf6 6. Qe2 Nc6 7. Nf3 Nb4 8. e5 Nxd3+ 9. Qxd3 Nd5 10. Nc3 a6 11. a3 e6 12. Bd2 Nxc3 13. Bxc3 Bd5 14. O-O Bc4 15. Qe4 Bxf1 16. Rxf1 h6 17. Rd1 Qc7 18. d5 Qb7 19. Qc2 Rc8 20. d6 g5 21. Qe2 Rc4 22. Rd3 Bg7 23. h4 Re4 24. Qd2 g4 25. Nh2 h5 26. Qg5 Bf8 27. Nf1 a5 28. Bxa5 Qa7 29. Qd8# 1-0


[Site "https://www.chess.com"]

[Event "Titled Tuesday Blitz August 22 Late 2023"]
[White "Fernandez Hernandez, Gerardo"]
[Black "Bueno, Alfeu Junior Varela"]
[WhiteFideId "2207400"]
[BlackFideId "2108879"]
[WhiteElo "2274"]
[BlackElo "2412"]
[Result "0-1"]
[Round "7"]
[TimeControl "180+1"]
[Date "2023.08.22"]
[WhiteClock "0:00:00"]
[BlackClock "0:00:49"]
[Board "132"]

1. e4 e6 2. d3 d5 3. Nd2 Nf6 4. Ngf3 dxe4 5. dxe4 Bc5 6. Be2 e5 7. O-O Nc6 8. c3 a5 9. h3 O-O 10. Re1 Qe7 11. Bb5 Nh5 12. Bxc6 bxc6 13. Nc4 Rd8 14. Qc2 f6 15. Be3 Ba6 16. Bxc5 Qxc5 17. Ne3 Nf4 18. Nf5 Bd3 19. Qb3+ Bc4 20. Qc2 a4 21. b3 Bd3 22. Qb2 a3 23. Qc1 Ne2+ 24. Rxe2 Bxe2 25. Ne1 Rd1 26. Qxd1 Bxd1 27. Rxd1 g6 28. Ne3 Qxc3 29. Nf3 Rf8 30. Rd2 f5 31. Rc2 Qa1+ 32. Kh2 fxe4 33. Nxe5 Qxe5+ 34. g3 Qb2 0-1


[Site "https://www.chess.com"]

[Event "Titled Tuesday Blitz August 22 Late 2023"]
[White "Ronka, Erik"]
[Black "Sarkar, Justin"]
[WhiteFideId "505080"]
[BlackFideId "2010011"]
[WhiteElo "2411"]
[BlackElo "2264"]
[Result "1-0"]
[Round "7"]
[TimeControl "180+1"]
[Date "2023.08.22"]
[WhiteClock "0:00:57"]
[BlackClock "0:00:00"]
[Board "133"]

1. d4 Nf6 2. Nc3 d5 3. Bf4 a6 4. e3 e6 5. g4 Bb4 6. Bd3 c5 7. dxc5 Bxc3+ 8. bxc3 Qa5 9. g5 Qxc3+ 10. Kf1 Nfd7 11. Bd6 Nxc5 12. Ne2 Qa5 13. Nf4 Nc6 14. h4 Nxd3 15. cxd3 Qd8 16. Ba3 h6 17. Ke2 e5 18. Ng2 hxg5 19. hxg5 Rxh1 20. Qxh1 Qxg5 21. Qh8+ Kd7 22. Qf8 Qg4+ 23. Kd2 Qe6 24. Rc1 Kc7 25. Ne1 Rb8 26. Nf3 Bd7 27. Ng5 Rxf8 28. Nxe6+ Bxe6 29. Bxf8 g6 30. Bg7 Kd7 31. Bf8 d4 32. a3 dxe3+ 33. fxe3 f5 34. Rg1 Bf7 35. Bc5 Nd8 36. Rh1 Ne6 37. Bb6 g5 38. Rh7 Ke8 39. d4 exd4 40. exd4 f4 41. d5 Nf8 42. Rg7 1-0


[Site "https://www.chess.com"]

[Event "Titled Tuesday Blitz August 22 Late 2023"]
[White "Romero Ruscalleda, Josep"]
[Black "Matthew_Clarke"]
[WhiteFideId "2231859"]
[WhiteElo "2401"]
[BlackElo "2263"]
[Result "1-0"]
[Round "7"]
[TimeControl "180+1"]
[Date "2023.08.22"]
[WhiteClock "0:01:07"]
[BlackClock "0:00:00"]
[Board "134"]

1. e4 c5 2. c3 d5 3. exd5 Qxd5 4. Nf3 Nf6 5. Na3 Nc6 6. Bc4 Qd8 7. O-O e6 8. Re1 Be7 9. Nc2 O-O 10. d4 cxd4 11. Ncxd4 Nxd4 12. cxd4 b6 13. Bf4 Bb7 14. Ne5 Nd7 15. Qe2 Nxe5 16. dxe5 Qd4 17. Bg3 Rac8 18. Rac1 Rfd8 19. h3 Qd2 20. Red1 Qxe2 21. Bxe2 Rxd1+ 22. Rxd1 Bd5 23. b3 Rc2 24. Bc4 Bxc4 25. bxc4 Rxa2 26. Rd7 Kf8 27. Rb7 Ke8 28. Bf4 g5 29. Be3 Ra4 30. g3 Rxc4 31. Rxa7 1-0


[Site "https://www.chess.com"]

[Event "Titled Tuesday Blitz August 22 Late 2023"]
[White "Ozalp, Burak"]
[Black "Magallanes, Rey Jomar"]
[WhiteFideId "6314210"]
[BlackFideId "5205948"]
[WhiteElo "2389"]
[BlackElo "2254"]
[Result "1/2-1/2"]
[Round "7"]
[TimeControl "180+1"]
[Date "2023.08.22"]
[WhiteClock "0:00:07"]
[BlackClock "0:00:11"]
[Board "135"]

1. e4 c5 2. Nf3 d6 3. c3 Nf6 4. Bd3 g6 5. O-O Bg7 6. h3 O-O 7. Re1 Nc6 8. Bc2 e5 9. d4 cxd4 10. c4 Nd7 11. Bd3 Nb4 12. a3 Nxd3 13. Qxd3 Nc5 14. Qd1 a5 15. Nbd2 a4 16. Rb1 f5 17. Ra1 f4 18. b4 Nd3 19. Rf1 g5 20. Qc2 Nxc1 21. Rfxc1 h5 22. c5 g4 23. Ne1 gxh3 24. cxd6 hxg2 25. Nxg2 Qg5 26. Nf3 Qg4 27. Nh2 Qg6 28. f3 h4 29. Kh1 h3 30. Ne1 Be6 31. Nd3 Bb3 32. Qf2 Rac8 33. Rg1 Qh5 34. Nc5 b6 35. Ne6 Bxe6 36. Rac1 Rc4 37. Rxc4 Bxc4 38. Qc2 b5 39. Rg4 Rd8 40. Qf2 Rxd6 41. Qg1 Rd7 42. Rg5 Qh6 43. Rg6 Qh5 44. Rg5 Qh4 45. Rg4 Qh7 46. Rg5 Be2 47. Qg4 Re7 48. Qc8+ Kf7 49. Kg1 Bf6 50. Rf5 Qg8+ 51. Ng4 Qxc8 52. Nxf6 Qc1+ 53. Kh2 Qf1 54. Ng4+ Ke8 55. Ne3 dxe3 56. Rf8+ Kxf8 1/2-1/2


[Site "https://www.chess.com"]

[Event "Titled Tuesday Blitz August 22 Late 2023"]
[White "Melikhov, Evgeny V."]
[Black "Erece, Ece Alkim"]
[WhiteFideId "4122046"]
[BlackFideId "6346006"]
[WhiteElo "2387"]
[BlackElo "2231"]
[Result "1-0"]
[Round "7"]
[TimeControl "180+1"]
[Date "2023.08.22"]
[WhiteClock "0:00:19"]
[BlackClock "0:00:03"]
[Board "136"]

1. d4 Nf6 2. c4 e6 3. Nc3 Bb4 4. Qc2 b6 5. e4 c5 6. dxc5 bxc5 7. e5 Ng8 8. Nf3 Nc6 9. Bd3 Nd4 10. Nxd4 cxd4 11. a3 Ba5 12. b4 Bc7 13. Ne4 Bxe5 14. O-O Nf6 15. Bb2 d5 16. Nxf6+ Qxf6 17. cxd5 exd5 18. Bb5+ Bd7 19. Bxd7+ Kxd7 20. Rac1 Qb6 21. Qf5+ Qe6 22. Qd3 Rac8 23. Bxd4 Bxd4 24. Qxd4 Rxc1 25. Rxc1 Rc8 26. Qxa7+ Kd8 27. Rxc8+ Kxc8 28. Qc5+ Kd7 29. Qc3 Qe4 30. f3 Qe2 31. h3 Qd1+ 32. Kf2 d4 33. Qc5 Qd2+ 34. Kg3 d3 35. Qd4+ Ke7 36. Qe4+ Kf6 37. f4 Qe2 38. Qxe2 1-0


[Site "https://www.chess.com"]

[Event "Titled Tuesday Blitz August 22 Late 2023"]
[White "campochess"]
[Black "JerMorGurgeh"]
[WhiteElo "2206"]
[BlackElo "2384"]
[Result "0-1"]
[Round "7"]
[TimeControl "180+1"]
[Date "2023.08.22"]
[WhiteClock "0:00:51"]
[BlackClock "0:01:21"]
[Board "137"]

1. d4 e6 2. Nf3 Nf6 3. c4 c5 4. d5 d6 5. Nc3 exd5 6. Nxd5 Nxd5 7. Qxd5 Nc6 8. Qd1 Be7 9. g3 Be6 10. b3 Bf6 11. Bd2 Bxa1 12. Qxa1 O-O 13. Bg2 d5 14. Ng5 Nd4 15. Qd1 Bg4 16. f3 Bh5 17. cxd5 Qxd5 18. O-O Rad8 19. e4 Ne2+ 20. Qxe2 Qxd2 21. Rf2 Qxg5 22. Qb5 Rd1+ 23. Bf1 Qe3 24. Kg2 Rd2 25. Rxd2 Qxd2+ 0-1


[Site "https://www.chess.com"]

[Event "Titled Tuesday Blitz August 22 Late 2023"]
[White "Osmonbekov, Talaibek"]
[Black "petr577"]
[WhiteFideId "2017253"]
[WhiteElo "2200"]
[BlackElo "2375"]
[Result "1-0"]
[Round "7"]
[TimeControl "180+1"]
[Date "2023.08.22"]
[WhiteClock "0:00:33"]
[BlackClock "0:00:00"]
[Board "138"]

1. d4 Nf6 2. Nc3 d5 3. Bf4 e6 4. e3 a6 5. Nf3 c5 6. dxc5 Bxc5 7. Bd3 Nc6 8. O-O Qe7 9. e4 d4 10. Ne2 e5 11. Bd2 O-O 12. a3 h6 13. Ng3 Kh7 14. Re1 g6 15. Qc1 Bg4 16. Bxh6 Bxf3 17. Bxf8 Rxf8 18. gxf3 Kg7 19. f4 Rh8 20. f5 Nh5 21. Nxh5+ Rxh5 22. f3 Qh4 23. Qd2 gxf5 24. exf5 Bd6 25. Re4 Qh3 26. Qg2+ Qxg2+ 27. Kxg2 Ne7 28. f4 exf4 29. Rxd4 Be5 30. Rd7 Kf6 31. Re1 Nc6 32. Rxb7 f3+ 33. Kxf3 Nd4+ 34. Ke4 Nxf5 35. Rb6+ Nd6+ 36. Kf3 Rh3+ 37. Kg4 Rxh2 38. b3 Rg2+ 39. Kf3 Rg3+ 40. Kf2 Rh3 41. Rf1 Ke6 42. Ke2 1-0


[Site "https://www.chess.com"]

[Event "Titled Tuesday Blitz August 22 Late 2023"]
[White "Petersson, Kjell"]
[Black "Seresin, Francesco"]
[WhiteFideId "1705148"]
[BlackFideId "886335"]
[WhiteElo "2176"]
[BlackElo "2371"]
[Result "0-1"]
[Round "7"]
[TimeControl "180+1"]
[Date "2023.08.22"]
[WhiteClock "0:00:23"]
[BlackClock "0:00:55"]
[Board "139"]

1. d4 d5 2. Bf4 Nf6 3. e3 c5 4. c3 Nc6 5. Nd2 Qb6 6. Qb3 e6 7. Ngf3 c4 8. Qc2 Nh5 9. Bg5 h6 10. Bh4 g5 11. Bg3 Nxg3 12. hxg3 Bg7 13. e4 Bd7 14. e5 Qc7 15. b3 cxb3 16. axb3 a6 17. Be2 Rc8 18. Qb2 f6 19. exf6 Bxf6 20. Bd3 Ne7 21. g4 Qxc3 22. Qxc3 Rxc3 23. Ke2 Kf7 24. Rac1 Rxc1 25. Rxc1 Rc8 26. Rxc8 Bxc8 27. Ne5+ Bxe5 28. dxe5 Nc6 29. Nf3 b5 30. g3 Ke7 31. Ke3 Bd7 32. Be2 Kd8 33. Bd3 Kc7 34. Be2 Kb6 35. Bf1 Kc5 36. Kd3 a5 37. Kc2 Kb4 38. Kb2 Be8 39. Bd3 Kc5 40. Bc2 Nd4 41. Nxd4 Kxd4 42. f4 Ke3 43. fxg5 hxg5 44. Bd1 Kd4 45. Be2 Kxe5 46. Kc3 Ke4 47. Bd1 e5 48. Be2 Ke3 49. Bf1 e4 50. Kc2 d4 51. b4 axb4 52. Kb3 d3 0-1


[Site "https://www.chess.com"]

[Event "Titled Tuesday Blitz August 22 Late 2023"]
[White "Baghdasaryan, Vahe"]
[Black "Feliz Dotel, Dewar Bienvenido"]
[WhiteFideId "13303139"]
[BlackFideId "6402801"]
[WhiteElo "2363"]
[BlackElo "2175"]
[Result "0-1"]
[Round "7"]
[TimeControl "180+1"]
[Date "2023.08.22"]
[WhiteClock "0:00:00"]
[BlackClock "0:00:07"]
[Board "140"]

1. e4 e5 2. Nf3 Nc6 3. Nc3 Nf6 4. a3 d5 5. exd5 Nxd5 6. Bb5 Nxc3 7. bxc3 Bd6 8. O-O O-O 9. d4 exd4 10. cxd4 Bg4 11. c3 Qf6 12. Bd3 Bxf3 13. Qxf3 Qxf3 14. gxf3 Ne7 15. Rb1 b6 16. c4 Rfe8 17. Be3 Bxa3 18. Be4 Rab8 19. Ra1 Bb2 20. Rxa7 f5 21. Bd3 Nc6 22. Rxc7 Nxd4 23. Bxd4 Bxd4 24. Bxf5 Bc5 25. Be4 Re7 26. Bd5+ Kf8 27. Rc6 Rbe8 28. Kg2 Re2 29. f4 h6 30. Kf3 Rb2 31. Rc7 Re7 32. Rc8+ Re8 33. Rxe8+ Kxe8 34. Kg4 Rxf2 35. Re1+ Kd7 36. h4 Bd6 37. f5 Rf4+ 38. Kh5 Be7 39. Be6+ Kc7 40. Kg6 Rg4+ 41. Kf7 Bf6 42. Rd1 Rxh4 43. Rd7+ Kc6 44. Ke8 Rd4 45. Ra7 h5 46. Ra2 h4 47. Rh2 Kc5 48. Kf7 Rd3 49. Bd5 b5 50. Rc2 Rc3 51. Rxc3 Bxc3 0-1


[Site "https://www.chess.com"]

[Event "Titled Tuesday Blitz August 22 Late 2023"]
[White "KorolDimitriy75"]
[Black "Novikova, Margarita"]
[BlackFideId "14109689"]
[WhiteElo "2353"]
[BlackElo "2174"]
[Result "1-0"]
[Round "7"]
[TimeControl "180+1"]
[Date "2023.08.22"]
[WhiteClock "0:00:04"]
[BlackClock "0:00:03"]
[Board "141"]

1. d4 e5 2. dxe5 Nc6 3. Nf3 Qe7 4. Nc3 Nxe5 5. Nd5 Nxf3+ 6. gxf3 Qd8 7. Bf4 d6 8. e4 c6 9. Nc3 Be6 10. Qd2 Qb6 11. O-O-O O-O-O 12. Rg1 h6 13. Kb1 g5 14. Be3 Qa5 15. Bd4 Rh7 16. a3 Bg7 17. Bxg7 Rxg7 18. f4 f6 19. h4 Ne7 20. f5 Bg8 21. Be2 d5 22. Qd4 Rf7 23. Qe3 Qb6 24. Qxb6 axb6 25. Bh5 Rff8 26. f3 d4 27. Ne2 c5 28. Rh1 Bc4 29. Rde1 Nc6 30. Ng3 Ne5 31. Bg4 d3 32. cxd3 Nxd3 33. Reg1 Nf2 34. Rh2 Nd3 35. hxg5 hxg5 36. Rh6 Ne5 37. Nh5 Rd6 38. Rc1 Bd3+ 39. Ka1 Be2 40. Rc3 Kd7 41. Ka2 Ke7 42. Rh7+ Rf7 43. Rh8 Bc4+ 44. b3 Rd2+ 45. Kb1 Bd3+ 46. Kc1 Rh2 47. Rb8 Kd6 48. Rd8+ Kc7 49. Rdxd3 Nxd3+ 50. Rxd3 Ra2 51. a4 Rh2 52. Rd2 Rh1+ 53. Kc2 Kc6 54. Rd8 b5 55. axb5+ Kxb5 56. Rd6 Rh2+ 57. Kc3 Ka5 58. Nxf6 b5 59. Nd5 b4+ 60. Kd3 Rb2 61. Rc6 Rxb3+ 62. Kc4 Rb1 63. Rxc5+ Ka6 64. Rc6+ Kb7 65. Rb6+ Ka7 66. Rxb4 Rc1+ 67. Kd4 Rd1+ 68. Ke5 Rc1 69. Ke6 Rh7 70. f6 Rh6 71. Ke7 Rc8 72. f7 Rhh8 73. Bxc8 Rxc8 74. f8=Q Rc7+ 75. Nxc7 g4 76. Qa8# 1-0


[Site "https://www.chess.com"]

[Event "Titled Tuesday Blitz August 22 Late 2023"]
[White "Kula, Robert"]
[Black "Fernandez, Maria Florencia"]
[WhiteFideId "1101218"]
[BlackFideId "116459"]
[WhiteElo "2148"]
[BlackElo "2347"]
[Result "1-0"]
[Round "7"]
[TimeControl "180+1"]
[Date "2023.08.22"]
[WhiteClock "0:00:18"]
[BlackClock "0:00:04"]
[Board "142"]

1. e4 c5 2. Nf3 d6 3. d4 cxd4 4. Nxd4 Nf6 5. Nc3 g6 6. Bc4 Bg7 7. O-O O-O 8. Bg5 h6 9. Bh4 Nc6 10. Nb3 Ne5 11. Be2 Be6 12. f4 Nc4 13. Bxc4 Bxc4 14. Re1 a5 15. Qf3 a4 16. Nd4 Qb6 17. Bf2 Qa5 18. e5 dxe5 19. Rxe5 Qb4 20. b3 axb3 21. cxb3 Ba6 22. a3 Qd6 23. Ncb5 Bxb5 24. Nxb5 Qd2 25. Rd1 Qb2 26. Bd4 Qc2 27. Rc1 Rac8 28. Rxc2 Rxc2 29. h3 e6 30. Rc5 Rd2 31. Be5 Nd5 32. Bxg7 Kxg7 33. Nc7 Rd8 34. Nxd5 R8xd5 35. Rxd5 Rxd5 36. Qc3+ Kh7 37. Qc7 Rf5 38. g4 Rf6 39. Kg2 g5 40. fxg5 hxg5 41. Qxb7 Kg6 42. a4 Rf4 43. a5 Rd4 44. a6 Rd2+ 45. Kf3 f5 46. gxf5+ exf5 47. a7 Kh5 48. Qh7# 1-0


[Site "https://www.chess.com"]

[Event "Titled Tuesday Blitz August 22 Late 2023"]
[White "Castillo Pena, Patricia Evarista"]
[Black "Okike, David"]
[WhiteFideId "6412106"]
[BlackFideId "8500134"]
[WhiteElo "1950"]
[BlackElo "2345"]
[Result "1-0"]
[Round "7"]
[TimeControl "180+1"]
[Date "2023.08.22"]
[WhiteClock "0:02:09"]
[BlackClock "0:02:33"]
[Board "143"]

1. d4 Nf6 2. Nf3 e6 3. e3 b6 4. Bd3 Bb7 5. O-O d5 6. Nbd2 Be7 7. b3 O-O 8. Bb2 Ne4 9. c4 Nd7 10. Qe2 f5 11. Rfd1 Rc8 12. Ne5 Nxe5 13. dxe5 c5 14. Nxe4 fxe4 15. Bxe4 Rc7 16. cxd5 exd5 17. Qh5 dxe4 18. Rxd8 Rxd8 19. Rd1 Rcd7 20. Rxd7 Rxd7 21. Qe8+ 1-0


[Site "https://www.chess.com"]

[Event "Titled Tuesday Blitz August 22 Late 2023"]
[White "miraitrunks"]
[Black "Bibasa, Bob"]
[BlackFideId "10000240"]
[WhiteElo "1989"]
[BlackElo "2474"]
[Result "0-1"]
[Round "7"]
[TimeControl "180+1"]
[Date "2023.08.22"]
[WhiteClock "0:00:36"]
[BlackClock "0:00:48"]
[Board "144"]

1. e4 c5 2. Nc3 Nc6 3. Nge2 g6 4. g3 Bg7 5. Bg2 Nf6 6. O-O O-O 7. d3 d6 8. h3 Rb8 9. a4 a6 10. f4 Ne8 11. f5 b5 12. axb5 axb5 13. fxg6 hxg6 14. Nd5 Nc7 15. Bg5 Nxd5 16. exd5 Nd4 17. c3 Nxe2+ 18. Qxe2 Re8 19. Rae1 Rb7 20. Qf3 Rf8 21. Qe3 f6 22. Bh6 Rf7 23. Bxg7 Rxg7 24. g4 b4 25. c4 Ra7 26. Be4 f5 27. Bf3 Qf8 28. gxf5 gxf5+ 29. Kh2 Ra2 30. Re2 Qf6 31. Rg1 Rxb2 32. Rxg7+ Qxg7 33. Rg2 Rxg2+ 34. Bxg2 Qe5+ 35. Qxe5 dxe5 36. Bf1 b3 37. d4 cxd4 38. Bd3 e4 39. Bb1 d3 40. c5 d2 0-1


[Site "https://www.chess.com"]

[Event "Titled Tuesday Blitz August 22 Late 2023"]
[White "sebastianmarinp"]
[Black "Saucey, Michel"]
[BlackFideId "601845"]
[WhiteElo "2397"]
[BlackElo "2266"]
[Result "1-0"]
[Round "7"]
[TimeControl "180+1"]
[Date "2023.08.22"]
[WhiteClock "0:00:05"]
[BlackClock "0:00:00"]
[Board "145"]

1. d4 d5 2. c4 e6 3. Nc3 Nf6 4. Nf3 Bb4 5. Qc2 dxc4 6. Bg5 b5 7. e4 h6 8. Bxf6 gxf6 9. a4 c6 10. g3 Nd7 11. Bg2 Bb7 12. O-O a6 13. Ne2 c5 14. d5 Ne5 15. Nf4 Qe7 16. Rfd1 Nd3 17. Nxd3 cxd3 18. Qxd3 c4 19. Qe2 Rd8 20. Nd4 Bc5 21. axb5 Bxd4 22. Rxd4 axb5 23. Qd2 Kf8 24. Ra7 Kg7 25. d6 Qd7 26. e5 Rb8 27. Rg4+ Kf8 28. Qf4 f5 29. Rh4 h5 30. Qg5 Rg8 31. Qh6+ Ke8 32. Qxh5 Qc8 33. Bxb7 Rxb7 34. Ra1 Rb8 35. Qf3 Qb7 36. Qf4 Kd7 37. Rh7 Rgf8 38. Qh6 Qd5 39. Qf6 Kc6 40. Rxf7 Rxf7 41. Qxf7 Qxe5 42. Qc7+ 1-0


[Site "https://www.chess.com"]

[Event "Titled Tuesday Blitz August 22 Late 2023"]
[White "Merino Garcia, Rafael II"]
[Black "Kohler, Aran"]
[WhiteFideId "2209128"]
[BlackFideId "1002856"]
[WhiteElo "2359"]
[BlackElo "2246"]
[Result "0-1"]
[Round "7"]
[TimeControl "180+1"]
[Date "2023.08.22"]
[WhiteClock "0:01:29"]
[BlackClock "0:01:06"]
[Board "146"]

1. d4 d5 2. Nf3 c6 3. e3 Nf6 4. c4 Bg4 5. cxd5 Nxd5 6. Nbd2 e6 7. Bd3 c5 8. O-O cxd4 9. Qa4+ Nd7 10. Nxd4 Nb6 11. Qb3 Bh5 12. Ne4 Be7 13. Nxe6 fxe6 14. Qxe6 Nf6 15. Bb5+ Kf8 16. Nxf6 Bxf6 17. b3 Bf7 18. Ba3+ Kg8 19. Qg4 Bxa1 20. Rxa1 Qf6 21. Rd1 h5 22. Qg3 Rd8 23. Rc1 Rh6 24. Qc7 Rc8 25. Qxb7 Rxc1+ 26. Bxc1 Qa1 0-1


[Site "https://www.chess.com"]

[Event "Titled Tuesday Blitz August 22 Late 2023"]
[White "Dubreuil, Julien"]
[Black "KSho99"]
[WhiteFideId "621285"]
[WhiteElo "2338"]
[BlackElo "2217"]
[Result "0-1"]
[Round "7"]
[TimeControl "180+1"]
[Date "2023.08.22"]
[WhiteClock "0:01:05"]
[BlackClock "0:01:48"]
[Board "147"]

1. e4 b6 2. d4 Bb7 3. Bd3 e6 4. Qe2 d6 5. c4 Nd7 6. Nc3 Ne7 7. f4 g6 8. Nf3 Bg7 9. f5 exf5 10. exf5 O-O 11. fxg6 fxg6 12. O-O Nf5 13. Bxf5 Rxf5 14. Be3 Qf8 15. Rad1 Re8 16. Qf2 Nf6 17. d5 Ng4 0-1


[Site "https://www.chess.com"]

[Event "Titled Tuesday Blitz August 22 Late 2023"]
[White "Fominykh, Maria"]
[Black "Vanek, Tomas"]
[WhiteFideId "4142411"]
[BlackFideId "313459"]
[WhiteElo "2316"]
[BlackElo "2210"]
[Result "0-1"]
[Round "7"]
[TimeControl "180+1"]
[Date "2023.08.22"]
[WhiteClock "0:00:00"]
[BlackClock "0:00:03"]
[Board "148"]

1. d4 f5 2. Bg5 h6 3. Bh4 g5 4. Bg3 d6 5. e4 f4 6. Qh5+ Kd7 7. e5 fxg3 8. Bc4 e6 9. hxg3 d5 10. Bd3 Ne7 11. f4 Qe8 12. Qf3 Bg7 13. Ne2 b6 14. c4 Bb7 15. Nbc3 Nc8 16. cxd5 exd5 17. f5 Bxe5 18. dxe5 Qxe5 19. O-O-O Nd6 20. Nd4 Qxd4 21. Bb5+ Nxb5 22. Rxd4 Nxd4 23. Qd3 c5 24. f6 Nbc6 25. Nxd5 Ne5 26. Qe3 Rae8 27. Ne7 Ng4 28. Qd2 Nxf6 29. Ng6 Rh7 30. Rf1 Re6 31. Nf8+ Ke7 32. Nxh7 Nxh7 33. Qf2 Nf6 34. Re1 Ne4 35. Qf1 Bc6 36. b3 Bd5 37. Qg1 Nxg3 38. Rxe6+ Kxe6 39. Qe3+ Ne4 40. Qh3+ Nf5 41. g4 Nh4 42. Qf1 Ke5 43. Qf8 Kd4 44. Qxh6 Nf3 45. Qg7+ Ne5 46. Qh8 Nf2 47. Kd2 Ne4+ 48. Ke2 Nc3+ 49. Kf2 Ne4+ 50. Kg2 b5 51. Kh3 c4 52. Qg7 c3 0-1


[Site "https://www.chess.com"]

[Event "Titled Tuesday Blitz August 22 Late 2023"]
[White "Shapiro, Daniel"]
[Black "Capp, Stephen"]
[WhiteFideId "2001780"]
[BlackFideId "2027089"]
[WhiteElo "2278"]
[BlackElo "2185"]
[Result "1-0"]
[Round "7"]
[TimeControl "180+1"]
[Date "2023.08.22"]
[WhiteClock "0:00:05"]
[BlackClock "0:00:05"]
[Board "149"]

1. d4 Nf6 2. c4 e6 3. g3 Bb4+ 4. Bd2 Qe7 5. Bg2 Nc6 6. Nf3 Bxd2+ 7. Qxd2 d6 8. O-O O-O 9. Nc3 e5 10. h3 Bf5 11. d5 Nb8 12. Nh4 Bd7 13. e4 a5 14. b3 Na6 15. Rae1 Nc5 16. f4 exf4 17. Rxf4 Nh5 18. Rf3 Nxg3 19. Rxg3 Qxh4 20. Qf2 Qh6 21. e5 dxe5 22. Qxc5 Rae8 23. Qxc7 Qf4 24. Rge3 Re7 25. Qxa5 f5 26. Qc5 Ref7 27. Rxe5 Qg3 28. Qf2 Qg6 29. Re7 f4 30. Rxf7 Qxf7 31. Bf3 Bxh3 32. Kh1 Qf6 33. Ne4 Qh6 34. Qh2 Qh4 35. Rg1 Kh8 36. Ng5 Re8 37. Qxh3 Qxh3+ 38. Nxh3 Re3 39. Rf1 h6 40. Nxf4 g5 41. d6 gxf4 42. d7 Rd3 43. Bd5 Rh3+ 44. Kg2 Rg3+ 45. Kf2 1-0


[Site "https://www.chess.com"]

[Event "Titled Tuesday Blitz August 22 Late 2023"]
[White "Navyblue1"]
[Black "Deviprasath, Sharvesh"]
[BlackFideId "30938228"]
[WhiteElo "2035"]
[BlackElo "2486"]
[Result "0-1"]
[Round "7"]
[TimeControl "180+1"]
[Date "2023.08.22"]
[WhiteClock "0:00:14"]
[BlackClock "0:01:03"]
[Board "150"]

1. d4 d5 2. c4 Nc6 3. cxd5 Qxd5 4. e3 e5 5. Nc3 Bb4 6. Bd2 Bxc3 7. Bxc3 exd4 8. exd4 Nf6 9. Nf3 Bg4 10. Be2 O-O-O 11. O-O Rhe8 12. h3 Bh5 13. Re1 g5 14. Qd2 Ne4 15. Qd3 f5 16. Nd2 Bxe2 17. Rxe2 Nc5 18. Qb5 a6 19. Qxc5 Qxc5 20. dxc5 Rxe2 21. Kf1 Rdxd2 22. Bxd2 Rxd2 23. Rb1 Rc2 0-1


[Site "https://www.chess.com"]

[Event "Titled Tuesday Blitz August 22 Late 2023"]
[White "Fernandez Bustamante, Leancy B."]
[Black "Martins, Bruno Andre Leite"]
[WhiteFideId "3523870"]
[BlackFideId "1942255"]
[WhiteElo "2242"]
[BlackElo "2462"]
[Result "1-0"]
[Round "7"]
[TimeControl "180+1"]
[Date "2023.08.22"]
[WhiteClock "0:02:39"]
[BlackClock "0:02:05"]
[Board "151"]

1. e4 c5 2. Nf3 d6 3. c3 Nf6 4. h3 Nc6 5. Bd3 e5 6. Bc2 Be7 7. O-O O-O 8. Re1 Re8 9. d4 cxd4 10. cxd4 exd4 11. Nxd4 Ne5 12. Nc3 a6 13. f4 Ng6 14. Be3 Bf8 15. Qf3 Bd7 16. Rad1 Bc6 17. Nxc6 bxc6 18. e5 dxe5 19. Rxd8 1-0


[Site "https://www.chess.com"]

[Event "Titled Tuesday Blitz August 22 Late 2023"]
[White "Bazzano, Sebastian"]
[Black "ArchibaldCerveza29"]
[WhiteFideId "104566"]
[WhiteElo "2232"]
[BlackElo "2440"]
[Result "0-1"]
[Round "7"]
[TimeControl "180+1"]
[Date "2023.08.22"]
[WhiteClock "0:00:00"]
[BlackClock "0:00:41"]
[Board "152"]

1. d4 Nf6 2. Bf4 c5 3. dxc5 Nc6 4. c3 a5 5. Nf3 g6 6. e3 Bg7 7. Bd3 O-O 8. O-O Re8 9. Ne5 Nd5 10. Nxc6 dxc6 11. Bg3 e5 12. Na3 Qe7 13. e4 Nf4 14. Bc4 Qxc5 15. Qb3 Ne6 16. Rad1 b5 17. Be2 Nf4 18. Bf3 Be6 19. Qc2 h5 20. Bxf4 exf4 21. Qd2 b4 22. cxb4 axb4 23. Nc2 Rxa2 24. Nxb4 Rxb2 25. Nd3 Rxd2 26. Nxc5 Rxd1 27. Rxd1 Bg4 28. Rd6 Ra8 29. h3 Bxf3 30. gxf3 Ra1+ 31. Kg2 Be5 32. Rxc6 Ra2 33. Nd3 Bd4 34. Rc4 Bb6 35. Rc6 Be3 36. Kg1 Ra1+ 37. Kg2 Ra2 38. Kg1 Ba7 0-1


[Site "https://www.chess.com"]

[Event "Titled Tuesday Blitz August 22 Late 2023"]
[White "Ochkoos, Jura"]
[Black "Cooper, Aaron"]
[WhiteFideId "2601214"]
[BlackFideId "2634945"]
[WhiteElo "2382"]
[BlackElo "2260"]
[Result "1-0"]
[Round "7"]
[TimeControl "180+1"]
[Date "2023.08.22"]
[WhiteClock "0:00:30"]
[BlackClock "0:00:00"]
[Board "153"]

1. e4 d5 2. exd5 Qxd5 3. Nc3 Qd6 4. d4 Nf6 5. Nb5 Qb6 6. c4 c6 7. Nc3 Bf5 8. Nf3 e6 9. Be2 Nbd7 10. O-O Qc7 11. d5 Bd6 12. h3 exd5 13. cxd5 O-O 14. Nd4 Bg6 15. dxc6 bxc6 16. Be3 Rab8 17. Rc1 Rfc8 18. Ncb5 Bh2+ 19. Kh1 Qe5 20. Nxc6 Rxc6 21. Rxc6 Bf4 22. Qd4 Bxe3 23. Qxe3 Qxb2 24. Rfc1 Nb6 25. Qc3 Qxe2 26. Nxa7 Re8 27. Rxb6 Ne4 28. Qf3 Nxf2+ 29. Kg1 Qd2 30. Rf1 Ne4 31. Nc6 Qd5 32. Ne7+ Kh8 33. Nxd5 1-0


[Site "https://www.chess.com"]